[Event "Saturday Night Engine Tour 13 rd Swiss 5m+1s Starts at 2200hrs ST"]
[Site "Infinity Chess"]
[Date "2018.1.13"]
[Round "8"]
[White "neófito"]
[Black "MiKachomiKa QueeN"]
[Result "1/2-1/2"]
[ECO "A46"]
[WhiteElo "2484"]
[BlackElo "2488"]
[WhiteEngine "BrainFish_180106_x64_bmi2_CTG"]
[BlackEngine "stockfish_18011309_x64_modern_CTG"]
[EventType "Swiss"]
[WhiteTeam ""]
[BlackTeam ""]
[PlyCount "59"]
[TimeControl "300+1"]

1. d4 Nf6 2. Nf3 e6 3. c4 d5 4. Nc3 c6 5. Bg5 dxc4 6. a4 Bb4 7. e4 h6 
8. Bxf6 Qxf6 9. Bxc4 c5 10. O-O cxd4 11. e5 Qd8 12. Qxd4 Qxd4 13. Nxd4 Nd7 
14. f4 O-O 15. Rfd1 Nb6 16. Bb3 a5 17. Ne4 Bd7 18. Kf2 Rfd8 19. g4 Be8 
20. Ke3 Nd7 21. Rdc1 g5 22. Rc7 gxf4+ 23. Kxf4 Nc5 24. Nxe6 Nxe6+ 25. Bxe6 fxe6 
26. Nf6+ Kf8 27. Nh7+ Kg8 28. Nf6+ Kf8 29. Nh7+ Kg8 30. Nf6+ 1/2-1/2

[Event "Saturday Night Engine Tour 13 rd Swiss 5m+1s Starts at 2200hrs ST"]
[Site "Infinity Chess"]
[Date "2018.1.13"]
[Round "8"]
[White "pablo"]
[Black "Cepri"]
[Result "1/2-1/2"]
[ECO "C58"]
[WhiteElo "2508"]
[BlackElo "2465"]
[WhiteEngine "asmFishW_2017-12-20_bmi2_CTG"]
[BlackEngine "asmFishW_12J18Mb_CTG"]
[EventType "Swiss"]
[WhiteTeam ""]
[BlackTeam ""]
[PlyCount "98"]
[TimeControl "300+1"]

1. e4 e5 2. Nf3 Nc6 3. Bc4 Nf6 4. Ng5 d5 5. exd5 Na5 6. Bb5+ c6 7. dxc6 bxc6 
8. Be2 h6 9. Nh3 Bd6 10. d3 O-O 11. Nc3 Nd5 12. O-O Rb8 13. Kh1 Bc7 14. Ng1 Nxc3 
15. bxc3 Qe7 16. f4 exf4 17. Bxf4 Bxf4 18. Rxf4 c5 19. Rf1 Nc6 20. Rb1 Rb6 
21. Qe1 Qd6 22. Bf3 Ra6 23. Rb2 c4 24. d4 Ne7 25. Ne2 Nd5 26. Ng3 Rb6 
27. Ne4 Qc7 28. Rb1 Rd8 29. Ra1 Bf5 30. Nc5 Nf6 31. Qe2 Rb2 32. Qxc4 Rxc2 
33. Rae1 Re8 34. Rxe8+ Nxe8 35. Qd5 Nd6 36. Qe5 Rxc3 37. Bd5 Bg6 38. Bb3 Qd8 
39. Qe1 Nb5 40. a4 Qxd4 41. Qe8+ Kh7 42. Nd7 Nd6 43. Nf8+ Kg8 44. Nxg6+ Nxe8 
45. Bxf7+ Kh7 46. Nf8+ Kh8 47. Ng6+ Kh7 48. Nf8+ Kh8 49. Ng6+ Kh7 1/2-1/2

[Event "Saturday Night Engine Tour 13 rd Swiss 5m+1s Starts at 2200hrs ST"]
[Site "Infinity Chess"]
[Date "2018.1.13"]
[Round "8"]
[White "RonWeasley"]
[Black "SkyPilot"]
[Result "1/2-1/2"]
[ECO "C55"]
[WhiteElo "2517"]
[BlackElo "2574"]
[WhiteEngine "BrainFish 060118_CTG"]
[BlackEngine "stockfish_x64_bmi2_2018_01_01_CTG"]
[EventType "Swiss"]
[WhiteTeam ""]
[BlackTeam ""]
[PlyCount "118"]
[TimeControl "300+1"]

1. e4 e5 2. Nf3 Nc6 3. Bc4 Nf6 4. d3 Bc5 5. c3 d6 6. Bb3 a6 7. Nbd2 O-O 8. h3 h6 
9. g4 Be6 10. Bxe6 fxe6 11. Nb3 Bb6 12. Qe2 a5 13. a4 Qe8 14. g5 hxg5 
15. Nxg5 Nh5 16. Rh2 Nf4 17. Qf3 d5 18. h4 d4 19. Bxf4 Rxf4 20. Qh3 Rf6 
21. Nd2 dxc3 22. bxc3 Qd7 23. Nc4 Bc5 24. Rg2 Raf8 25. Ra2 b5 26. axb5 Ne7 
27. f4 Ng6 28. Nxe6 exf4 29. Ng5 Qxh3 30. Nxh3 f3 31. Rh2 Nf4 32. Nxf4 Rxf4 
33. Kf1 Rg4 34. Rh1 Rb8 35. d4 Rxb5 36. Nd2 Be7 37. Rh2 a4 38. Rxa4 Rb2 
39. Nxf3 Rxh2 40. Nxh2 Rxh4 41. Nf3 Rxe4 42. Ra8+ Kh7 43. Kf2 Kg6 44. Nd2 Rh4 
45. Kg3 Rh1 46. Kg4 Rh4+ 47. Kg3 Rh1 48. Kg4 Bd6 49. Ne4 Kf7 50. Nxd6+ cxd6 
51. Kf4 Rf1+ 52. Ke3 d5 53. Ra7+ Kf6 54. Rd7 Rf5 55. Ra7 Rf1 56. Ra6+ Kf7 
57. Ra5 Ke6 58. Ra6+ Kf7 59. Ra7+ Kf6 1/2-1/2

[Event "Saturday Night Engine Tour 13 rd Swiss 5m+1s Starts at 2200hrs ST"]
[Site "Infinity Chess"]
[Date "2018.1.13"]
[Round "8"]
[White "MrScience"]
[Black "Vimtiroba"]
[Result "1/2-1/2 "]
[ECO "C77"]
[WhiteElo "2552"]
[BlackElo "2522"]
[WhiteEngine "BrainFish_x64_modern"]
[BlackEngine "SF@130118_CTG"]
[EventType "Swiss"]
[WhiteTeam ""]
[BlackTeam ""]
[PlyCount "176"]
[TimeControl "300+1"]

1. e4 e5 2. Nf3 Nc6 3. Bb5 a6 4. Ba4 Nf6 5. O-O Be7 6. Re1 b5 7. Bb3 O-O 
8. c3 d5 9. exd5 Nxd5 10. Nxe5 Nxe5 11. Rxe5 c6 12. Re1 Bd6 13. d3 Bf5 
14. Qf3 Qf6 15. Nd2 Qg6 16. Bd1 Bxd3 17. Ne4 Bxe4 18. Qxe4 Qxe4 19. Rxe4 Rae8 
20. Rxe8 Rxe8 21. Kf1 Be5 22. Bd2 Rd8 23. Bf3 Nb6 24. Bg5 f6 25. Bc1 Rc8 
26. g3 Kf7 27. Bd1 a5 28. Bb3+ Ke7 29. Be3 Nd5 30. Bc5+ Bd6 31. Re1+ Kd7 
32. Bd4 a4 33. Bd1 Rf8 34. Bf3 Kc7 35. b3 b4 36. cxb4 axb3 37. Rc1 Kd7 
38. axb3 Rb8 39. Bg4+ Kc7 40. Be6 Nxb4 41. Bc4 Be5 42. Bc5 Bd6 43. Be3 Ra8 
44. Bd2 Kd7 45. Rd1 Kc7 46. Bc3 Rb8 47. h4 Nd5 48. Ba5+ Kd7 49. Bd2 Ke7 
50. Ra1 Rb7 51. Ra6 Kd7 52. h5 g6 53. g4 Nc7 54. Ra2 Nd5 55. Kg2 Bc5 56. Kf3 Kd6 
57. h6 Ra7 58. b4 Bb6 59. Rxa7 Bxa7 60. b5 cxb5 61. Bxb5 Bd4 62. Bd3 Be5 
63. Bb1 Kd7 64. Ba2 Ke6 65. g5 f5 66. Bc1 Bd6 67. Ke2 Ke5 68. Bxd5 Kxd5 
69. Kf3 Bc5 70. Bb2 Bf8 71. Ke3 Be7 72. Kf4 Ke6 73. Bc1 Bf8 74. Bd2 Ba3 
75. Ke3 Bd6 76. Bc1 Ke5 77. Bb2+ Ke6 78. f3 Bc5+ 79. Ke2 f4 80. Bf6 Bg1 
81. Kf1 Bh2 82. Kg2 Bg3 83. Kh3 Kf5 84. Bd8 Be1 85. Bf6 Bd2 86. Be7 Ke6 
87. Bf6 Kf5 88. Bd8 Bc1 1/2-1/2

[Event "Saturday Night Engine Tour 13 rd Swiss 5m+1s Starts at 2200hrs ST"]
[Site "Infinity Chess"]
[Date "2018.1.13"]
[Round "8"]
[White "BlitzMaster"]
[Black "Gilgamesch"]
[Result "1/2-1/2"]
[ECO "C50"]
[WhiteElo "2569"]
[BlackElo "2563"]
[WhiteEngine "stockfish_18010422_x64_modern_CTG"]
[BlackEngine "BrainFish_171005_x64_bmi2"]
[EventType "Swiss"]
[WhiteTeam ""]
[BlackTeam ""]
[PlyCount "83"]
[TimeControl "300+1"]

1. e4 e5 2. Nf3 Nc6 3. Bc4 Bc5 4. O-O Nf6 5. d3 d6 6. c3 O-O 7. h3 h6 8. Bb3 a5 
9. Bc2 Re8 10. d4 Bb6 11. Re1 Bd7 12. a3 Qb8 13. Be3 Qa7 14. d5 Bxe3 
15. Rxe3 Ne7 16. c4 b5 17. cxb5 Bxb5 18. Nc3 Bd7 19. Nd2 c6 20. dxc6 Nxc6 
21. Nc4 Nd4 22. Nxd6 Red8 23. Nc4 Be6 24. Nxe5 Nb3 25. Bxb3 Rxd1+ 26. Bxd1 Nd7 
27. Nf3 Qc5 28. b4 Qf8 29. b5 Qc5 30. a4 Nb6 31. Rb1 Rd8 32. e5 Qa3 33. Nd5 Qa2 
34. Nc3 Qa3 35. Ne4 Rd3 36. Re1 Rd7 37. Re3 Qa2 38. Nc3 Qa3 39. Ne4 Qa2 
40. Nc3 Qa3 41. Nd5 Qa2 42. Nc3 1/2-1/2

[Event "Saturday Night Engine Tour 13 rd Swiss 5m+1s Starts at 2200hrs ST"]
[Site "Infinity Chess"]
[Date "2018.1.13"]
[Round "8"]
[White "Pirate"]
[Black "Thor"]
[Result "1/2-1/2"]
[ECO "B30"]
[WhiteElo "2561"]
[BlackElo "2621"]
[WhiteEngine "asmFishW_20_bmi2_CTG"]
[BlackEngine "asmFishW_2017-11-19_bmi2"]
[EventType "Swiss"]
[WhiteTeam ""]
[BlackTeam ""]
[PlyCount "79"]
[TimeControl "300+1"]

1. e4 c5 2. Nf3 Nc6 3. Bb5 e6 4. O-O Nge7 5. d4 cxd4 6. Nxd4 a6 7. Bxc6 dxc6 
8. Be3 Ng6 9. Nb3 Qc7 10. f4 b6 11. Qf3 Bb7 12. Nc3 c5 13. a4 Be7 14. f5 Ne5 
15. Qg3 O-O-O 16. Bf4 Bf6 17. Nd2 c4 18. fxe6 fxe6 19. Kh1 Qc5 20. Qh3 Rhe8 
21. Be3 Qc6 22. Rad1 Kb8 23. Qh5 h6 24. h3 Nd7 25. Qe2 Rc8 26. Nxc4 Qxc4 
27. Qxc4 Rxc4 28. Rxd7 Re7 29. Rd6 Bxc3 30. bxc3 b5 31. axb5 axb5 32. Rb6 Rxe4 
33. Rf3 Kc7 34. Rxb5 Bd5 35. Kh2 Rd7 36. Ra5 g5 37. Bd4 Re2 38. Rf2 Rxf2 
39. Bxf2 Rf7 40. Kg1 1/2-1/2

[Event "Saturday Night Engine Tour 13 rd Swiss 5m+1s Starts at 2200hrs ST"]
[Site "Infinity Chess"]
[Date "2018.1.13"]
[Round "8"]
[White "xeonrocks"]
[Black "OlivierEvan"]
[Result "1/2-1/2"]
[ECO "C02"]
[WhiteElo "2614"]
[BlackElo "2505"]
[WhiteEngine "asmFishW_bmi2.exe_CTG"]
[BlackEngine "Houdini 6"]
[EventType "Swiss"]
[WhiteTeam ""]
[BlackTeam ""]
[PlyCount "133"]
[TimeControl "300+1"]

1. e4 e6 2. d4 d5 3. e5 c5 4. c3 Nc6 5. Nf3 Qb6 6. a3 c4 7. Nbd2 Na5 8. Be2 Bd7 
9. O-O Ne7 10. Rb1 h6 11. Re1 O-O-O 12. Nf1 Qb3 13. Qd2 Qa2 14. Qc2 Nb3 
15. Be3 Ba4 16. N3d2 Nc6 17. Nxb3 Qxb3 18. Qxb3 Bxb3 19. Rbc1 Be7 20. g3 Ba4 
21. h4 Kd7 22. h5 Rdg8 23. Kg2 Bd8 24. g4 g6 25. Ng3 g5 26. f4 gxf4 27. Bxf4 Rh7 
28. Rf1 f6 29. exf6 Bxf6 30. Bf3 Be7 31. Ne2 a6 32. Be3 Kd6 33. Bf4+ Kd7 
34. Be3 Kd6 35. Nf4 Bg5 36. Rce1 Nd8 37. Kg3 Rf7 38. Ng6 Bxe3 39. Rxe3 Rf6 
40. Ree1 Bc2 41. Ne5 Nc6 42. Rf2 Bh7 43. Rfe2 Nd8 44. a4 Rgf8 45. a5 Rg8 
46. Rf2 Nc6 47. Bxd5 Rxf2 48. Bxc6 Rxb2 49. Bf3 Ke7 50. Nxc4 Rb3 51. Re3 Rg7 
52. d5 Bg8 53. d6+ Kd8 54. Ne5 Rb5 55. d7 Rxd7 56. Nxd7 Kxd7 57. Re1 Rxa5 
58. Bxb7 Rc5 59. c4 Rxc4 60. Bxa6 Rc3+ 61. Kh4 Ke7 62. g5 hxg5+ 63. Kxg5 Rc5+ 
64. Kh6 Bf7 65. Rh1 Bxh5 66. Rxh5 Rxh5+ 67. Kxh5 1/2-1/2

[Event "Saturday Night Engine Tour 13 rd Swiss 5m+1s Starts at 2200hrs ST"]
[Site "Infinity Chess"]
[Date "2018.1.13"]
[Round "7"]
[White "KULLANI"]
[Black "Dovahkiin"]
[Result "1/2-1/2"]
[ECO "B03"]
[WhiteElo "2448"]
[BlackElo "2410"]
[WhiteEngine "BrainFish_180106_x64_CTG"]
[BlackEngine "BrainFish_180106_x64_modern_CTG"]
[EventType "Swiss"]
[WhiteTeam ""]
[BlackTeam ""]
[PlyCount "212"]
[TimeControl "300+1"]

1. e4 Nf6 2. e5 Nd5 3. d4 d6 4. c4 Nb6 5. f4 dxe5 6. fxe5 Bf5 7. Nc3 e6 
8. Nf3 Nc6 9. Be3 Be7 10. Be2 O-O 11. Qd2 f6 12. exf6 Bxf6 13. O-O Qe8 
14. Bg5 Rd8 15. Bxf6 Rxf6 16. c5 Nd5 17. Nxd5 exd5 18. Rae1 Be4 19. b4 Qg6 
20. b5 Ne7 21. Ng5 c6 22. Nxe4 dxe4 23. bxc6 Rxf1+ 24. Rxf1 bxc6 25. Qa5 Qe8 
26. Qc7 Rxd4 27. Qe5 Rd8 28. Qe6+ Kh8 29. Qxe4 Nd5 30. Qxe8+ Rxe8 31. Bf3 Kg8 
32. Bxd5+ cxd5 33. Rd1 Re5 34. c6 Re6 35. Rxd5 Rxc6 36. Rd8+ Kf7 37. Rd7+ Kf6 
38. Rxa7 Rc1+ 39. Kf2 Rc2+ 40. Kf3 Rc3+ 41. Ke2 Rc2+ 42. Kf1 Rc1+ 43. Ke2 Rc2+ 
44. Kf3 Rc3+ 45. Kg4 Rc4+ 46. Kg3 Rc3+ 47. Kg4 Rc4+ 48. Kh3 Rc3+ 49. g3 Rc4 
50. Ra3 h5 51. Rf3+ Ke5 52. Kg2 g5 53. a3 g4 54. Rf2 Ra4 55. Ra2 Kd4 56. Kf1 Kc4 
57. Ke2 Kb3 58. Rd2 Kc4 59. Ke3 Kc5 60. Kd3 Kb5 61. Rf2 Kc5 62. Ke3 Kd5 
63. Re2 Kc5 64. Rc2+ Kd5 65. Ra2 Kc6 66. Ke2 Kc5 67. Kd2 Kb5 68. Kd3 Kc5 
69. Kc2 Kc4 70. Kd1 Kb3 71. Re2 Kc3 72. Rc2+ Kd4 73. Ra2 Kd3 74. Ke1 Kc4 
75. Kd2 Kb5 76. Kc3 Kc5 77. Ra1 Rc4+ 78. Kb3 Re4 79. Rc1+ Kb5 80. Kc3 Ra4 
81. Ra1 Kc5 82. Ra2 Rc4+ 83. Kb3 Re4 84. Rc2+ Kb5 85. Kc3 Ra4 86. Ra2 Kc5 
87. Kd3 Rd4+ 88. Ke3 Ra4 89. Kd3 Rd4+ 90. Ke3 Ra4 91. Ke2 Kd4 92. Kf1 Kc4 
93. Ke2 Kc5 94. Kd1 Kb5 95. Kc2 Kc5 96. Kb3 Re4 97. Rc2+ Kb5 98. Kc3 Ra4 
99. Kd3 Rxa3+ 100. Kd4 h4 101. gxh4 Rh3 102. Ke5 Kb4 103. Kf5 Rxh4 104. Kf4 Kb3 
105. Rf2 Kc4 106. Kg5 Rh8 1/2-1/2

[Event "Saturday Night Engine Tour 13 rd Swiss 5m+1s Starts at 2200hrs ST"]
[Site "Infinity Chess"]
[Date "2018.1.13"]
[Round "7"]
[White "incredible"]
[Black "neófito"]
[Result "1/2-1/2"]
[ECO "C11"]
[WhiteElo "2455"]
[BlackElo "2485"]
[WhiteEngine "stockfish_18011309_x64_bmi2"]
[BlackEngine "BrainFish_180106_x64_bmi2_CTG"]
[EventType "Swiss"]
[WhiteTeam ""]
[BlackTeam ""]
[PlyCount "79"]
[TimeControl "300+1"]

1. e4 e6 2. d4 d5 3. Nc3 Nf6 4. e5 Nfd7 5. f4 c5 6. Nf3 Nc6 7. Be3 Qb6 
8. Na4 Qa5+ 9. c3 cxd4 10. b4 Qc7 11. Nxd4 Nxd4 12. Bxd4 b6 13. Bd3 g6 
14. Rc1 Be7 15. O-O Bb7 16. Qe2 O-O 17. f5 exf5 18. e6 fxe6 19. Qxe6+ Rf7 
20. Bxf5 Bf6 21. Bxf6 Nf8 22. Bd4 gxf5 23. Qe2 Qd7 24. Nb2 Re8 25. Qd2 Ba6 
26. Rf2 Ng6 27. a4 f4 28. b5 Bc8 29. Nd3 Qg4 30. Rcf1 Re4 31. Ne1 Nh4 32. g3 Ng6 
33. Ng2 f3 34. Ne3 Qh5 35. Qa2 Bh3 36. Ra1 Qh6 37. Qd2 Qh5 38. Qa2 Qh6 
39. Qd2 Qh5 40. Qa2 1/2-1/2

[Event "Saturday Night Engine Tour 13 rd Swiss 5m+1s Starts at 2200hrs ST"]
[Site "Infinity Chess"]
[Date "2018.1.13"]
[Round "7"]
[White "KillBill2017"]
[Black "MarioDeMonti"]
[Result "0-1"]
[ECO "B90"]
[WhiteElo "2463"]
[BlackElo "2482"]
[WhiteEngine "asmFishW_2018-01-12_popcnt_CTG"]
[BlackEngine "stockfish_x64_bmi2_2018_01_01_CTG"]
[EventType "Swiss"]
[WhiteTeam ""]
[BlackTeam ""]
[PlyCount "168"]
[TimeControl "300+1"]

1. e4 c5 2. Nf3 d6 3. d4 cxd4 4. Nxd4 Nf6 5. Nc3 a6 6. Be3 e5 7. Nb3 Be6 
8. f3 h5 9. Qd2 Nbd7 10. Nd5 Bxd5 11. exd5 g6 12. Be2 Bg7 13. O-O b6 14. c4 O-O 
15. Rae1 Re8 16. Bf2 Qc7 17. Bd3 Kh7 18. Qe2 Bh6 19. Nd2 Nc5 20. Bb1 b5 
21. Kh1 Rab8 22. Rd1 Kg7 23. b3 Bg5 24. Bc2 h4 25. h3 bxc4 26. Nxc4 Nh5 
27. Qe1 Rh8 28. Qa5 Qxa5 29. Nxa5 Rbc8 30. Bb1 Ng3+ 31. Bxg3 hxg3 32. Nc4 Rhd8 
33. Bd3 f5 34. Rfe1 Bf6 35. Bb1 Rc7 36. Kg1 Na4 37. Rc1 Rdc8 38. Rc2 Nb6 
39. Nxb6 Rxc2 40. Nxc8 Rxc8 41. Kf1 Bg5 42. Kg1 Rc3 43. Kf1 a5 44. Ke2 Kf6 
45. Bd3 Bh6 46. Bb1 Bf4 47. Rf1 Kg5 48. Rh1 Bc1 49. Rd1 Kf4 50. Rd3 Rc5 
51. Rd1 Be3 52. a3 e4 53. fxe4 fxe4 54. b4 Rc3 55. bxa5 Rxa3 56. Rf1+ Bf2 
57. Rc1 Rb3 58. Kd1 Rb2 59. Bc2 Ra2 60. Bb3 Rxa5 61. Rb1 Ke5 62. Kc2 Ra8 
63. Rd1 Bc5 64. Rf1 Kd4 65. h4 Bb4 66. Kb2 Rc8 67. Ba4 Kd3 68. Rd1+ Ke2 
69. Rh1 Kf2 70. Bb5 Kxg2 71. Rf1 Rb8 72. Be2 Kh2 73. h5 gxh5 74. Rf5 g2 
75. Bf1 Bd2+ 76. Kc2 g1=Q 77. Rxh5+ Kg3 78. Rh3+ Kg4 79. Rb3 Qc5+ 80. Kxd2 Rxb3 
81. Be2+ Kg3 82. Bc4 Qxc4 83. Ke1 e3 84. Kd1 Rb1# 0-1

[Event "Saturday Night Engine Tour 13 rd Swiss 5m+1s Starts at 2200hrs ST"]
[Site "Infinity Chess"]
[Date "2018.1.13"]
[Round "7"]
[White "ocirema"]
[Black "pablo"]
[Result "1/2-1/2"]
[ECO "C50"]
[WhiteElo "2499"]
[BlackElo "2508"]
[WhiteEngine "stockfish_18010422_x64_modern_CTG"]
[BlackEngine "asmFishW_2017-12-20_bmi2_CTG"]
[EventType "Swiss"]
[WhiteTeam ""]
[BlackTeam ""]
[PlyCount "38"]
[TimeControl "300+1"]

1. e4 e5 2. Nf3 Nc6 3. Bc4 Bc5 4. O-O Nf6 5. d3 d6 6. c3 O-O 7. h3 a5 8. Nbd2 h6 
9. Re1 Be6 10. a4 Ba7 11. Bxe6 fxe6 12. Qb3 d5 13. Qxb7 Qe8 14. Qb3 Rb8 
15. Qc2 Qg6 16. Nh4 Qh5 17. Nhf3 Qg6 18. Nh4 Qh5 19. Nhf3 Qg6 1/2-1/2

[Event "Saturday Night Engine Tour 13 rd Swiss 5m+1s Starts at 2200hrs ST"]
[Site "Infinity Chess"]
[Date "2018.1.13"]
[Round "7"]
[White "MiKachomiKa QueeN"]
[Black "RonWeasley"]
[Result "1/2-1/2"]
[ECO "C11"]
[WhiteElo "2487"]
[BlackElo "2518"]
[WhiteEngine "stockfish_18011309_x64_modern_CTG"]
[BlackEngine "BrainFish 060118_CTG"]
[EventType "Swiss"]
[WhiteTeam ""]
[BlackTeam ""]
[PlyCount "97"]
[TimeControl "300+1"]

1. e4 e6 2. d4 d5 3. Nc3 Nf6 4. e5 Nfd7 5. f4 c5 6. Nf3 Nc6 7. Be3 cxd4 
8. Nxd4 Qb6 9. Qd2 Qxb2 10. Rb1 Qa3 11. Bb5 Nxd4 12. Bxd4 a6 13. Bxd7+ Bxd7 
14. Rb3 Qe7 15. Rxb7 Rc8 16. O-O Qd8 17. f5 exf5 18. Qd3 Bc5 19. Bxc5 Rxc5 
20. Nxd5 Bc8 21. Re7+ Kf8 22. Qa3 Qa5 23. Qxa5 Rxa5 24. Rc7 Be6 25. Nf4 Rxe5 
26. Nxe6+ Rxe6 27. Rxf5 Re7 28. Rc8+ Re8 29. Rfc5 Ke7 30. R8c6 g6 31. h3 Kf8 
32. Kf2 Kg7 33. Rxa6 Rc8 34. Rxc8 Rxc8 35. a4 Rxc2+ 36. Kf3 Rc3+ 37. Kf2 Rc2+ 
38. Kg3 Ra2 39. h4 Ra3+ 40. Kf4 Ra2 41. g3 h5 42. g4 hxg4 43. Kxg4 Rc2 
44. a5 Rc4+ 45. Kg3 Rc3+ 46. Kf4 Rc4+ 47. Kg3 Rc3+ 48. Kg2 Rc4 49. Kg3 1/2-1/2

[Event "Saturday Night Engine Tour 13 rd Swiss 5m+1s Starts at 2200hrs ST"]
[Site "Infinity Chess"]
[Date "2018.1.13"]
[Round "7"]
[White "Vimtiroba"]
[Black "Cepri"]
[Result "1/2-1/2"]
[ECO "E06"]
[WhiteElo "2524"]
[BlackElo "2463"]
[WhiteEngine "SF@130118_CTG"]
[BlackEngine "asmFishW_12J18Mb_CTG"]
[EventType "Swiss"]
[WhiteTeam ""]
[BlackTeam ""]
[PlyCount "133"]
[TimeControl "300+1"]

1. d4 Nf6 2. c4 e6 3. g3 d5 4. Bg2 Bb4+ 5. Bd2 Be7 6. Nf3 O-O 7. O-O c6 
8. Qc2 b6 9. Bf4 Nbd7 10. Rd1 Bb7 11. Nc3 dxc4 12. Nd2 Nd5 13. Nxc4 Nxf4 
14. gxf4 Qc7 15. e3 Rac8 16. Rac1 Rfd8 17. a3 a5 18. Ne4 g6 19. Nc3 Kg7 
20. Ne4 Kg8 21. Qb1 b5 22. Ne5 c5 23. Nxc5 Nxc5 24. dxc5 Rxd1+ 25. Rxd1 Bxg2 
26. Kxg2 Qxc5 27. Qe4 Rc7 28. Qa8+ Kg7 29. Qxa5 Bf6 30. b4 Qc2 31. Nf3 Qc6 
32. Kg3 h6 33. Nd4 Bxd4 34. Rxd4 h5 35. h4 Qc1 36. Kg2 Rc2 37. Qxb5 Qe1 
38. Qf1 Qxe3 39. Rc4 Rb2 40. a4 Qd2 41. Kg3 Qd5 42. f3 Ra2 43. Qc1 e5 44. f5 Qd6 
45. Rc2 Rxa4 46. fxg6 e4+ 47. Qf4 Qxg6+ 48. Kh3 exf3 49. Rf2 f5 50. Qd4+ Kh7 
51. Qd7+ Kh6 52. Qxa4 f4 53. Kh2 Qg3+ 54. Kh1 Qxf2 55. Qc6+ Kh7 56. Qd7+ Kg6 
57. Qe6+ Kg7 58. Qd7+ Kf6 59. Qd6+ Kf5 60. Qd5+ Kg4 61. Qg5+ Kh3 62. Qf5+ Kxh4 
63. Qxf4+ Kh3 64. Qf5+ Kh4 65. Qf4+ Kh3 66. Qf5+ Kh4 67. Qf4+ 1/2-1/2

[Event "Saturday Night Engine Tour 13 rd Swiss 5m+1s Starts at 2200hrs ST"]
[Site "Infinity Chess"]
[Date "2018.1.13"]
[Round "7"]
[White "SkyPilot"]
[Black "Pirate"]
[Result "1/2-1/2"]
[ECO "B32"]
[WhiteElo "2575"]
[BlackElo "2560"]
[WhiteEngine "stockfish_x64_bmi2_2018_01_01_CTG"]
[BlackEngine "asmFishW_20_bmi2_CTG"]
[EventType "Swiss"]
[WhiteTeam ""]
[BlackTeam ""]
[PlyCount "108"]
[TimeControl "300+1"]

1. e4 c5 2. Nf3 Nc6 3. d4 cxd4 4. Nxd4 e5 5. Nb5 d6 6. N1c3 a6 7. Na3 b5 
8. Nd5 Nf6 9. Bg5 Be7 10. Bxf6 Bxf6 11. c3 Rb8 12. Nc2 Bg5 13. a4 bxa4 
14. Nce3 O-O 15. Qxa4 Bxe3 16. Nxe3 Ne7 17. O-O-O Qc7 18. Rd2 Be6 19. Bc4 Nc6 
20. Bxe6 fxe6 21. Qc4 Qd7 22. Qa2 Rfc8 23. Kd1 Nd8 24. Ke2 Qb5+ 25. Ke1 Kf7 
26. h4 Rc6 27. Rf1 Ke7 28. f4 exf4 29. Rxf4 Nf7 30. Ng4 Rc4 31. Rdf2 Rf8 
32. R2f3 g5 33. hxg5 Nxg5 34. Rxf8 Rxe4+ 35. Ne3 Nxf3+ 36. Rxf3 Qd3 37. Kf2 Qd2+ 
38. Kg1 Rxe3 39. Qxa6 Rxf3 40. Qb7+ Kf6 41. Qxf3+ Ke5 42. Qh5+ Kf6 43. Qxh7 Qc1+ 
44. Kf2 Qxb2+ 45. Kg1 Qd2 46. Qh4+ Ke5 47. Qg3+ Kd5 48. Qf3+ Kc4 49. Qg4+ Kb3 
50. Qxe6+ Kxc3 51. g3 d5 52. g4 Qd4+ 53. Kg2 Qd1 54. Qc6+ Kb2 1/2-1/2

[Event "Saturday Night Engine Tour 13 rd Swiss 5m+1s Starts at 2200hrs ST"]
[Site "Infinity Chess"]
[Date "2018.1.13"]
[Round "7"]
[White "OlivierEvan"]
[Black "BlitzMaster"]
[Result "1/2-1/2"]
[ECO "A20"]
[WhiteElo "2502"]
[BlackElo "2572"]
[WhiteEngine "Houdini 6"]
[BlackEngine "stockfish_18010422_x64_modern_CTG"]
[EventType "Swiss"]
[WhiteTeam ""]
[BlackTeam ""]
[PlyCount "151"]
[TimeControl "300+1"]

1. c4 e5 2. g3 Nf6 3. Nc3 Bb4 4. Bg2 O-O 5. Nf3 e4 6. Nd4 Nc6 7. Nc2 Bxc3 
8. dxc3 h6 9. O-O d6 10. Ne3 a5 11. a4 Re8 12. b3 Ne5 13. f3 Bd7 14. h3 exf3 
15. exf3 Bc6 16. Kh2 Ned7 17. Nf5 Nc5 18. Qc2 Bd7 19. Nd4 d5 20. cxd5 Nxd5 
21. f4 c6 22. Bd2 Ne3 23. Bxe3 Rxe3 24. Rfe1 Qe7 25. Nf3 Rxe1 26. Rxe1 Qd6 
27. Re5 Rd8 28. Qf2 b6 29. Re2 Be6 30. Nd4 Bd5 31. Bxd5 cxd5 32. Nf5 Qf6 
33. Nd4 Ne4 34. Qf3 Rc8 35. Re3 Rc5 36. Nb5 Nd6 37. Nxd6 Qxd6 38. Rd3 Qg6 
39. Qe3 Qe6 40. h4 Qxe3 41. Rxe3 Kf8 42. Rd3 b5 43. axb5 Rxb5 44. b4 a4 
45. Kg2 Ke7 46. Kf2 Kd6 47. Ke3 Rb8 48. Kd2 a3 49. Kc2 a2 50. Rd1 Ra8 51. Ra1 d4 
52. cxd4 Ra3 53. Kb2 Rxg3 54. Rxa2 Rf3 55. Ra7 Rxf4 56. Kc3 Rxh4 57. Rxf7 g5 
58. b5 Rh3+ 59. Kc4 Rh1 60. b6 h5 61. Rf6+ Kd7 62. d5 Rb1 63. Kc5 Rc1+ 
64. Kb5 g4 65. Rg6 Rb1+ 66. Ka6 Ra1+ 67. Kb5 Rd1 68. Ka6 Ra1+ 69. Kb5 Rb1+ 
70. Ka6 Kc8 71. Rg8+ Kd7 72. b7 Ra1+ 73. Kb5 Rb1+ 74. Ka6 Ra1+ 75. Kb5 Rb1+ 
76. Ka6 1/2-1/2

[Event "Saturday Night Engine Tour 13 rd Swiss 5m+1s Starts at 2200hrs ST"]
[Site "Infinity Chess"]
[Date "2018.1.13"]
[Round "7"]
[White "Thor"]
[Black "Gilgamesch"]
[Result "1/2-1/2"]
[ECO "C50"]
[WhiteElo "2624"]
[BlackElo "2560"]
[WhiteEngine "asmFishW_2017-11-19_bmi2"]
[BlackEngine "BrainFish_171005_x64_bmi2"]
[EventType "Swiss"]
[WhiteTeam ""]
[BlackTeam ""]
[PlyCount "129"]
[TimeControl "300+1"]

1. e4 e5 2. Nf3 Nc6 3. Bc4 Bc5 4. O-O Nf6 5. d3 d6 6. c3 O-O 7. Nbd2 Bb6 
8. a4 a5 9. Bb3 Ba7 10. Nc4 h6 11. Be3 Be6 12. Bxa7 Rxa7 13. Ne3 Ra8 14. h3 Re8 
15. Bxe6 Rxe6 16. Qb3 b6 17. Rfe1 Ne7 18. Rac1 Qd7 19. Qc2 Ng6 20. d4 Ree8 
21. d5 c6 22. dxc6 Qxc6 23. Nd2 Nf4 24. Rcd1 Rac8 25. Kh2 d5 26. exd5 N6xd5 
27. Nxd5 Nxd5 28. Qe4 Nf6 29. Qxc6 Rxc6 30. g3 g6 31. Kg2 Kg7 32. Kf1 Rc5 
33. Nb3 Rc6 34. Re2 Rce6 35. Nd2 Rc6 36. Nf3 Rce6 37. Re3 R8e7 38. Re2 Re8 
39. h4 R8e7 40. Rde1 Nd7 41. b4 Rc6 42. bxa5 bxa5 43. Nxe5 Rxc3 44. Nxd7 Rxd7 
45. Re5 Rd4 46. Rxa5 Ra3 47. h5 Rdxa4 48. Rd5 Ra6 49. hxg6 Rf6 50. gxf7 Rxg3 
51. f8=Q+ Kxf8 52. Rd2 Rgf3 53. Ree2 Kg7 54. Re7+ Kg6 55. Re1 h5 56. Re4 Ra3 
57. Re7 Ra1+ 58. Kg2 Kg5 59. Rg7+ Kf5 60. Rd5+ Ke6 61. Rgg5 Kf7 62. Rd7+ Ke8 
63. Rh7 Ra2 64. Rhxh5 Rfxf2+ 65. Kg1 1/2-1/2

[Event "Saturday Night Engine Tour 13 rd Swiss 5m+1s Starts at 2200hrs ST"]
[Site "Infinity Chess"]
[Date "2018.1.13"]
[Round "7"]
[White "xeonrocks"]
[Black "MrScience"]
[Result "1/2-1/2"]
[ECO "C50"]
[WhiteElo "2617"]
[BlackElo "2549"]
[WhiteEngine "asmFishW_bmi2.exe_CTG"]
[BlackEngine "BrainFish_x64_modern"]
[EventType "Swiss"]
[WhiteTeam ""]
[BlackTeam ""]
[PlyCount "216"]
[TimeControl "300+1"]

1. e4 e5 2. Nf3 Nc6 3. Bc4 Bc5 4. O-O Nf6 5. d3 O-O 6. c3 d6 7. Nbd2 a6 8. a4 a5 
9. Re1 Be6 10. b3 Ng4 11. Re2 Nf6 12. h3 Bb6 13. Re1 h6 14. Ra2 d5 15. exd5 Nxd5 
16. Bxd5 Bxd5 17. Nc4 f6 18. Nh4 Bf7 19. Ba3 Re8 20. Nxb6 cxb6 21. Nf5 Qd7 
22. Nd6 Re6 23. Nxf7 Qxf7 24. Rae2 Rae8 25. Re3 f5 26. Bb2 Kh7 27. c4 Qd7 
28. Qf3 f4 29. Re4 Qd6 30. Qd1 Kg8 31. Qd2 Qd7 32. Qd1 Qd6 33. Kf1 R6e7 
34. Qd2 Re6 35. Bc3 Kh7 36. Kg1 Kg8 37. Kh1 Qd7 38. Qd1 Qd6 39. Qe2 R6e7 
40. Kg1 Kf7 41. Kh2 Kg8 42. Bb2 Kh7 43. Qf3 Kg8 44. Qd1 Re6 45. Qe2 R6e7 
46. Kg1 Kh7 47. Qf3 Re6 48. Kh1 Kg8 49. Qd1 R6e7 50. Qe2 Qb4 51. Qd1 Qd6 
52. Kh2 Re6 53. Kg1 R6e7 54. Bc3 Qd7 55. Qf3 Qd6 56. Qe2 Qc5 57. Kh1 Qd6 
58. Kh2 Qg6 59. Bb2 Qd6 60. Bc3 Qc7 61. Kg1 Qd7 62. Qd1 Qd6 63. Kh1 Re6 
64. Qf3 Kh8 65. Bb2 Kg8 66. h4 Kh8 67. Ba1 Kg8 68. Bb2 R6e7 69. g3 fxg3 
70. Qxg3 Qb4 71. Rg1 Rd8 72. Bc1 Qd6 73. Rg4 Rdd7 74. Rg6 Qxd3 75. Bxh6 Qxg3 
76. R1xg3 Nd4 77. Bg5 Rf7 78. Kg2 e4 79. Rc3 Nf3 80. Re6 Rd1 81. Rc1 Rd3 
82. Rb1 Nxg5 83. hxg5 Rd2 84. Rf1 Rb2 85. g6 Rf6 86. Re8+ Rf8 87. Rxe4 Rxb3 
88. f4 Rb2+ 89. Kg3 Rb3+ 90. Kh4 Rb4 91. Ra1 Rb2 92. Rd1 Ra2 93. Rd6 Rxa4 
94. Rxb6 Ra1 95. c5 a4 96. Rxb7 a3 97. Ra7 a2 98. Rea4 Rh1+ 99. Kg3 Rg1+ 
100. Kf2 Rxg6 101. Rxa2 Rxf4+ 102. Ke3 Rc4 103. Ra8+ Kh7 104. Rh2+ Rh6 
105. Rxh6+ gxh6 106. Ra5 Kg7 107. Kd3 Rc1 108. Rb5 Kf7 1/2-1/2